 Dungeon Crawl Stone Soup version 0.27-a0-1081-ge8a0a9c698 (webtiles) character file.

Game seed: 5209340860814625749

67 HoaS the Twirler (level 4, -1/26 HPs)
             Began as a Gargoyle Gladiator on Apr 25, 2021.
             Slain by a steam dragon (2 damage)
             ... on level 3 of the Dungeon.
             The game lasted 00:02:45 (1396 turns).

HoaS the Twirler (Gargoyle Gladiator)               Turns: 1396, Time: 00:02:46

Health: -1/26      AC: 12    Str: 18    XL:     4   Next: 16%
Magic:  4/4        EV:  7    Int:  9    God:
Gold:   76         SH:  0    Dex: 11    Spells: 3/3 levels left

rFire    . . .     SeeInvis .   a - +0 quarterstaff
rCold    . . .     Faith    .   (shield currently unavailable)
rNeg     + . .     Spirit   .   f - +0 chain mail
rPois    ∞         Reflect  .   c - +0 helmet
rElec    +         Harm     .   (no cloak)
rCorr    .         Rampage  .   (no gloves)
Will     .....                  (no boots)
Stlth    ..........             (no amulet)
HPRegen  0.08/turn              b - ring of flight
MPRegen  0.09/turn              (no ring)

@: flying
A: AC +3, negative energy resistance 1, electricity resistance, torment
resistance 1, unbreathing 1, petrification resistance
a: no special abilities


You were on level 3 of the Dungeon.
You visited 1 branch of the dungeon, and saw 3 of its levels.

You collected 76 gold pieces.

Inventory:

Hand Weapons
 a - a +0 quarterstaff (weapon)
Missiles
 d - 3 throwing nets (quivered)
 e - 10 poisoned darts
Armour
 c - a +0 helmet (worn)
 f - a +0 chain mail (worn)
Jewellery
 b - a ring of flight (left hand)


   Skills:
 - Level 2.1 Fighting
 + Level 4.9 Staves
 - Level 1.7 Throwing
 - Level 2.4 Dodging


You had 3 spell levels left.
You didn't know any spells.
Your spell library was empty.

Dungeon Overview and Level Annotations

Branches:
Dungeon (3/15)

Altars:


Innate Abilities, Weirdness & Mutations

Your stone body is resilient. (AC +3)
You are immune to poison.
You resist negative energy. (rN+)
You are resistant to electric shocks. (rElec)
You are resistant to unholy torment.
You can survive without breathing.
You are immune to petrification.


Message History

The kobold hits you with a +0 dagger.
You sock the kobold!
You kill the kobold!
The steam dragon breathes steam at you. The ball of steam hits you!
Things that are here:
a +0 dagger; a kobold corpse You are engulfed in a cloud of scalding steam.
Found 18 gold pieces.
Really fly into that cloud of steam? [Y]es or [N]o only, please.
Really fly into that cloud of steam? [Y]es or [N]o only, please.
Really fly into that cloud of steam? [Y]es or [N]o only, please.
Really fly into that cloud of steam?
Okay, then.
The steam dragon barely misses you. x2
You aren't carrying any scrolls.
You closely miss the steam dragon. The steam dragon barely misses you.
The steam dragon claws you but does no damage.
The steam dragon bites you.
The steam dragon claws you but does no damage.
You closely miss the steam dragon. The steam dragon bites you.
* * * LOW HITPOINT WARNING * * *
The steam dragon completely misses you.
You closely miss the steam dragon. The steam dragon completely misses you.
The steam dragon claws you.
* * * LOW HITPOINT WARNING * * *
You completely miss the steam dragon. The steam dragon breathes steam at you.
The ball of steam hits you but does no damage.
You hit the steam dragon.
The steam dragon is lightly wounded.
The steam dragon bites you but does no damage.
The steam dragon claws you but does no damage.
You closely miss the steam dragon.
The steam dragon is lightly wounded.
The steam dragon bites you.
You die...

#.# #.# #.# #.# #.# #.#
#.# # #.# ###.# ##
#.###.#.#######
.###....#.... ..#
#......###.# #.#
.######.#..#####@###.##
## ##.#....)..D...... #
#.#######.......# #.#
#........ #.# ##.....$#
#.. ......# ### ###.###
... ##


You could see a steam dragon.

Vanquished Creatures
  Robin (D:2)
  A worm (D:2)
  A dart slug (D:1)
  2 endoplasms
  A giant cockroach (D:1)
  11 goblins
  2 hobgoblins (D:1)
  8 jackals (D:1)
  4 ball pythons
  6 bats
  A frilled lizard (D:1)
  6 kobolds
  4 rats
48 creatures vanquished.

Vanquished Creatures (others)
  8 plants (D:1)
8 creatures vanquished.

Grand Total: 56 creatures vanquished

Notes
Turn   | Place    | Note
-------+----------+-------------------------------------------
     0 | D:1      | HoaS the Gargoyle Gladiator began the quest for the Orb.
     0 | D:1      | Reached XP level 1. HP: 12/12 MP: 1/1
    93 | D:1      | Reached XP level 2. HP: 15/17 MP: 2/2
   154 | D:1      | Found a faded altar of an unknown god.
   312 | D:1      | Reached skill level 4 in Staves
   315 | D:1      | Reached XP level 3. HP: 20/21 MP: 3/3
   799 | D:2      | Noticed Robin
   970 | D:2      | Killed Robin
   971 | D:2      | Reached XP level 4. HP: 19/26 MP: 4/4
  1385 | D:3      | Noticed a steam dragon
  1393 | D:3      | HP: 1/26 [steam dragon (4)]
  1396 | D:3      | Slain by a steam dragon

Illustrated notes

Levels and vault maps discovered:
D:1:      saegor_arrival_simple_d, layout_rooms, shapermc_ecumenical_altar_venn,
          serial_bayou_lake_a
D:2:      layout_rooms, corexii_item_surrounded_by_moat, uniq_robin
D:3:      layout_loops_ring, uniq_terence

Skill      XL: |  1  2 |
---------------+-------+-----
Staves         | 4 |  4.9
Fighting       | |  2.1
Throwing       | |  1.7
Dodging        | |  2.4

Action                   |  1- 3 |  4- 6 || total
-------------------------+-------+-------++-------
Melee: Quarterstaff      |    93 |    22 ||   115
  Use: Scroll            |       |     3 ||     3
Armor: Leather armour    |    16 |       ||    16
       Ring mail         |     4 |       ||     4
       Chain mail        |    53 |    19 ||    72
Dodge: Dodged            |    68 |     8 ||    76

Table legend: (Time is in decaauts)
 A = Elapsed time spent in this place.
 B = Non-inter-level travel time spent in this place.
 C = Inter-level travel time spent in this place.
 D = Time resting spent in this place.
 E = Time spent auto-exploring this place.
 F = Levels seen in this place.
 G = Mean time per level.
                   A        B        C        D        E       F      G
               +--------+--------+--------+--------+--------+-----+--------+
         Total |   1418 |   1337 |     81 |    283 |    744 |   3 |  472.7 |
       Dungeon |   1418 |   1337 |     81 |    283 |    744 |   3 |  472.7 |
               +--------+--------+--------+--------+--------+-----+--------+

Top non-repeatable levels by time:
     D:1: 724 daAuts
     D:2: 650 daAuts
     D:3: 43 daAuts
